 Dungeon Crawl Stone Soup version 0.27.1-15-g792fb953b9 (webtiles) character file.

Game seed: 11895297376100695288

122 Exporg the Firebug (level 5, -5/46 HPs)
             Began as an Ogre Fire Elementalist on Nov 19, 2021.
             Was an Initiate of Trog (penitent).
             Slain by a polar bear (23 damage)
             ... created by the rage of Trog
             ... on level 3 of the Dungeon.
             The game lasted 00:11:35 (3459 turns).

Exporg the Firebug (Ogre Fire Elementalist)         Turns: 3459, Time: 00:11:41

Health: -5/46      AC:  3    Str: 11 (12) XL:     5   Next: 6%
Magic:  9/9        EV: 10    Int: 17      God:    Trog [*]
Gold:   122        SH:  0    Dex:  9      Spells: 6/10 levels left

rFire    . . .     SeeInvis .   m - +0 trident
rCold    . . .     Faith    .   (no shield)
rNeg     . . .     Spirit   .   a - +0 robe
rPois    +         Reflect  .   (helmet restricted)
rElec    .         Harm     .   (no cloak)
rCorr    +         Rampage  .   (gloves unavailable)
Will     .....                  (boots unavailable)
Stlth    +.........             (no amulet)
HPRegen  0.15/turn              b - ring of resist corrosion
MPRegen  0.11/turn              l - ring of poison resistance

@: no status effects
A: large, unfitting armour, tough skin 1
a: Renounce Religion


You were on level 3 of the Dungeon.
You worshipped Trog.
Trog was demanding penance.
You visited 1 branch of the dungeon, and saw 3 of its levels.

You collected 122 gold pieces.

Inventory:

Hand Weapons
 e - a +0 club
 k - a +1 vampiric dagger
 m - a +0 trident (weapon)
Missiles
 i - 25 bolts
Armour
 a - a +0 robe (worn)
 d - a +0 buckler
 f - a +0 ring mail
Jewellery
 b - a ring of resist corrosion (left hand)
 l - a ring of poison resistance (right hand)
Wands
 q - a wand of acid (8)
Scrolls
 c - 2 scrolls of identify {unknown}
 h - a scroll of enchant weapon {unknown}
 j - a scroll of brand weapon {unknown}
 n - a scroll of amnesia {unknown}
 r - a scroll of teleportation {unknown}
 s - a scroll of holy word {unknown}
Potions
 g - a potion of mutation {unknown}
 o - a potion of magic {unknown}
 p - 2 potions of brilliance {unknown}
 t - 2 potions of might {unknown}


   Skills:
 + Level 0.8 Fighting
 + Level 0.4 Maces & Flails
 + Level 1.5 Polearms
 + Level 2.4 Dodging
 - Level 1.4 Stealth
 - Level 3.1 Spellcasting
 - Level 1.9 Conjurations
 - Level 3.4 Fire Magic


You had 6 spell levels left.
You knew the following spells:

 Your Spells              Type           Power      Damage    Failure   Level
a - Foxfire               Conj/Fire      44%        2x1d6     6%          1
b - Conjure Flame         Conj/Fire      11%        6-21      17%         3

Your spell library contained the following spells:

 Spells                   Type           Power      Damage    Failure   Level
 Inner Flame              Hex/Fire       8%         N/A       26%         3
 Sticky Flame             Conj/Fire      11%        2d3       50%         4
 Fireball                 Conj/Fire      5%         3d5       85%         5


Dungeon Overview and Level Annotations

Branches:
Dungeon (3/15)

Altars:
Trog


Innate Abilities, Weirdness & Mutations

You are too large for most types of armour.
You have tough skin. (AC +1)


Message History

You are poisoned.
The adder poisons you! The adder closely misses you.
You closely miss the adder.
The adder is moderately wounded.
You feel sick.
The adder bites you but does no damage. x2
You closely miss the adder.
The adder is moderately wounded.
You feel sick. The adder barely misses you.
You closely miss the adder.
The adder is moderately wounded.
You feel sick. The adder misses you. The adder bites you but does no damage.
You miss the adder.
The adder is moderately wounded.
You feel sick.
You are no longer poisoned.
The adder bites you but does no damage.
You hit the adder.
The adder is moderately wounded.
The adder bites you but does no damage. The adder closely misses you.
You puncture the adder!
The adder is almost dead.
The adder barely misses you. The adder bites you but does no damage.
You barely miss the adder.
The adder is almost dead.
The adder bites you but does no damage.
You closely miss the adder.
The adder is almost dead.
The adder barely misses you. x2
Trog sends monsters to punish you. 4 polar bears and 2 black bears come into view.
You closely miss the adder.
The adder is almost dead.
The adder closely misses you.
You miss the adder.
The adder is almost dead.
The adder bites you. The polar bear bites you! The polar bear claws you. x2
The black bear rages.
The polar bear bites you!!
Ouch! That really hurt!
You die...

#..#######...#
######.#.....
#..# #####
#.....## #..#
..>#.... ##..#
##.##.##.
#.).# .# .#
#.#.#### ### #
#.#....# ##..
#.####.#
##.h####.# #.#
#.# #.#h@S...#
#.# #.#
#hh###### #.#
#.# #.h#######
#.# #.#
#......... #.#
#.# #.########
#.# #.# #.#
#.# #.# #.#
#.# #.# #.##
#.# #.# #..#


You could see 3 polar bears, 2 black bears and an adder.

Vanquished Creatures
  5 adders
  2 worms (D:2)
  5 dart slugs
  5 ball pythons
  12 bats
  4 endoplasms
  A giant cockroach (D:1)
  5 goblins
  6 hobgoblins
  2 jackals (D:3)
  5 kobolds
  3 quokkas
  5 rats
60 creatures vanquished.

Vanquished Creatures (others)
  118 foxfires
118 creatures vanquished.

Grand Total: 178 creatures vanquished

Notes
Turn   | Place    | Note
-------+----------+-------------------------------------------
     0 | D:1      | Exporg the Ogre Fire Elementalist began the quest for the
                  | Orb.
     0 | D:1      | Reached XP level 1. HP: 16/16 MP: 3/3
   137 | D:1      | Reached skill level 1 in Conjurations
   212 | D:1      | Reached XP level 2. HP: 24/24 MP: 3/5
   732 | D:1      | Reached XP level 3. HP: 23/31 MP: 5/7
  1919 | D:2      | Reached XP level 4. HP: 26/39 MP: 5/8
  3065 | D:3      | Learned a level 3 spell: Conjure Flame
  3160 | D:3      | Reached skill level 1 in Polearms
  3210 | D:3      | Found a faded altar of an unknown god.
  3250 | D:3      | Became a worshipper of Trog the Wrathful
  3250 | D:3      | Reached * piety under Trog
  3267 | D:3      | Was placed under penance by Trog
  3306 | D:3      | Reached XP level 5. HP: 46/46 MP: 7/9
  3458 | D:3      | Noticed a polar bear
  3458 | D:3      | Noticed a polar bear
  3458 | D:3      | Noticed a polar bear
  3458 | D:3      | Noticed a black bear
  3458 | D:3      | Noticed a black bear
  3458 | D:3      | Noticed a polar bear
  3459 | D:3      | Slain by a polar bear

Illustrated notes

Levels and vault maps discovered:
D:1:      dpeg_arrival_boxorama, layout_basic
D:2:      layout_basic, minmay_indecisive_spiral
D:3:      layout_loops_ring, hellmonk_ecumenical_altar_run_dry

Skill      XL: |  1  2  3  4 |
---------------+-------------+-----
Conjurations   | 1 |  1.9
Dodging        | 2 |  2.4
Fire Magic     | 3 |  3.4
Spellcasting   | 3 |  3.1
Polearms       | 1 |  1.5
Fighting       | |  0.8
Maces & Flails | |  0.4
Stealth        | |  1.4

Action                   |  1- 3 |  4- 6 || total
-------------------------+-------+-------++-------
Melee: Unarmed           |     5 |       ||     5
       Club              |    27 |       ||    27
       Trident           |     6 |    66 ||    72
 Cast: Foxfire           |    48 |    19 ||    67
 Stab: Sleeping          |       |     1 ||     1
Armor: Robe              |    30 |    29 ||    59
Dodge: Dodged            |    46 |    54 ||   100
